 Dungeon Crawl Stone Soup version 0.31-a0-369-g8eba5f6939 (webtiles) character file.

Game seed: 3740118950756025056

17 LeprechaunX the Ruffian (level 2, 0/18 HPs)
             Began as an Octopode Shapeshifter on July 28, 2023.
             Succumbed to a goblin's poison
             ... on level 1 of the Dungeon.
             The game lasted 00:00:27 (472 turns).

LeprechaunX the Ruffian (Octopode Shapeshifter)      Turns: 472, Time: 00:00:28

Health: 0/18       AC:  1    Str: 14    XL:     2   Next: 62%
Magic:  2/2        EV: 13    Int: 10    God:
Gold:   18         SH:  0    Dex: 12    Spells: 1/1 levels left

rFire   . .          .
                       - Unarmed
rCold   . . .        (no shield)
rNeg    . . .        (helmet currently unavailable)
rPois   .            (no amulet)
rElec   .            (no ring)
rCorr   .            (no ring)
SInv    .            (no ring)
Will    .....        (no ring)
Stlth   ++           (no ring)
HPRegen 0.23/turn    (no ring)
MPRegen 0.08/turn    (no ring)
                     (no ring)

%: no passive effects
@: lethally poisoned (0 -> -1), beast-form
A: beast (slay +2), almost no armour, amphibious, 8 rings, camouflage 1,
gelatinous body 1, (nimble swimmer 1), tentacles
a: Begin Untransformation


You were on level 1 of the Dungeon.
You were a hulking beast.
You visited 1 branch of the dungeon, and saw 1 of its levels.

You collected 18 gold pieces.

Inventory:

Talismans
 b - a beast talisman
Scrolls
 c - a scroll of torment {unknown}
Potions
 a - a potion of lignification


   Skills:
 + Level 1.4 Fighting
 + Level 2.2 Dodging
 + Level 3.3 Unarmed Combat
 + Level 3.1 Shapeshifting


You had one spell level left.
You didn't know any spells.
Your spell library was empty.

Dungeon Overview and Level Annotations

Branches:
Dungeon (1/15)

Altars:


Innate Abilities, Weirdness & Mutations

You are a hulking beast.
Your limbs bulge with bestial killing power. (Slay +2)
You cannot wear most types of armour.
You are amphibious.
You can wear up to eight rings at the same time.
Your skin changes colour to match your surroundings (Stealth+).
Your rubbery body absorbs attacks. (AC +1, EV +1)
((You are camouflaged when in or above water. (Stealth+)))
You have tentacles for arms and can constrict up to eight enemies at once.


Message History

A jackal and a goblin come into view.
The goblin is wielding a +1 dagger of venom.
There are monsters nearby!
There are monsters nearby!
There is an open door here.
A jackal comes into view.
The jackal barks!
The goblin shouts!
You hear a bark!
The goblin hits you with a +1 dagger of venom.
You are poisoned.
A jackal comes into view. x2
The jackal moves out of view.
The jackal barks!
You feel very sick.
There is an open door here.
You feel sick.
You closely miss the goblin.
The jackal barks!
You grab the goblin.
You constrict the goblin, but do no damage.
You feel sick. The goblin closely misses you.
You tentacle-slap the goblin.
The goblin is severely wounded.
You constrict the goblin.
You kill the goblin!
You feel sick.
You swing at nothing.
You feel sick. The jackal barely misses you.
You swing at nothing.
You feel sick. The jackal bites you. The jackal barely misses you.
You tentacle-slap the jackal. You grab the jackal. You squeeze the jackal.
You kill the jackal!
The jackal bites you.
* * * LOW HITPOINT WARNING * * *
The jackal closely misses you.
You tentacle-slap the jackal.
You kill the jackal!
You feel sick. The jackal bites you.
* * * LOW HITPOINT WARNING * * *
The jackal barely misses you. x2; The jackal closely misses you.
You swing at nothing.
You die...

#.###.##.###.## #........#
#.# .. #####.#### #.# .#
####.# ##+## .### #....#
##...## ... #.####
##.....## .. ##>##
##.......## .# .#
#...####........h##.#...##
.......'........h)........
#...####........h##.#....#
##.## ##.......## .# ..#
...# ##.....## .. . .###
##...## ### . ##+##


You could see 2 jackals.

Vanquished Creatures
  A dart slug (D:1)
  4 ball pythons (D:1)
  A giant cockroach (D:1)
  A hobgoblin (D:1)
  2 jackals (D:1)
  2 frilled lizards (D:1)
  2 goblins (D:1)
  A rat (D:1)
14 creatures vanquished.

Notes
Turn   | Place    | Note
-------+----------+-------------------------------------------
     0 | D:1      | LeprechaunX the Octopode Shapeshifter began the quest for
                  | the Orb.
     0 | D:1      | Reached XP level 1. HP: 13/13 MP: 1/1
   155 | D:1      | Reached XP level 2. HP: 18/18 MP: 2/2
   472 | D:1      | Succumbed to a goblin's poison

Illustrated notes

Levels and vault maps discovered:
D:1:      giann_forest_graveyard, layout_loops_corners

Action                     || total
---------------------------++-------
  Melee: Unarmed           ||    21
         Constrict         ||     6
         Tentacles         ||     2
         Punch             ||     1
   Stab: Sleeping          ||     2
  Dodge: Dodged            ||    14

Table legend: (Time is in decaauts)
 A = Elapsed time spent in this place.
 B = Non-inter-level travel time spent in this place.
 C = Inter-level travel time spent in this place.
 D = Time resting spent in this place.
 E = Time spent auto-exploring this place.
 F = Levels seen in this place.
 G = Mean time per level.
                   A        B        C        D        E       F      G
               +--------+--------+--------+--------+--------+-----+--------+
         Total |    470 |    470 |      0 |      0 |    403 |   1 |  470.0 |
       Dungeon |    470 |    470 |      0 |      0 |    403 |   1 |  470.0 |
               +--------+--------+--------+--------+--------+-----+--------+

Top non-repeatable levels by time:
     D:1: 470 daAuts
